 Dungeon Crawl Stone Soup version 0.27-a0-1116-g91b3acb402 (webtiles) character file.

Game seed: 5015941572071887795

15295 gimp the Cleaver (level 12, -2/81 HPs)
             Began as a Djinni Fighter on May 1, 2021.
             Was a High Priest of Okawaru.
             Slain by a manticore (6 damage)
             ... on level 11 of the Dungeon.
             The game lasted 00:22:40 (16780 turns).

gimp the Cleaver (Djinni Fighter)                  Turns: 16780, Time: 00:22:40

Health: -2/81      AC: 17    Str: 19    XL:     12   Next: 25%
Gold:   250        EV:  8    Int: 11    God:    Okawaru [*****.] SH: 15 Dex: 13

rFire    + + .     SeeInvis .   b - +0 war axe
rCold    x . .     Faith    .   c - +0 kite shield
rNeg     . . .     Spirit   .   k - +0 storm dragon scales
rPois    ∞         Reflect  +   j - +0 helmet
rElec    +         Harm     .   D - +0 cloak
rCorr    .         Rampage  .   (no gloves)
Will     +....                  (boots unavailable)
Stlth    ..........             m - amulet of reflection
HPRegen  0.23/turn              (no ring)
MPRegen  0.00/turn              (no ring)

@: spiked, flying, studying 3 skills
A: fire resistance 2, cold vulnerability 1, float, innate caster, hp casting,
extra vitality 1
a: Renounce Religion, Heroism, Finesse


You were on level 11 of the Dungeon.
You worshipped Okawaru.
Okawaru was extremely pleased with you.
You visited 2 branches of the dungeon, and saw 12 of its levels.
You also visited: Sewer and Bailey.

You collected 516 gold pieces.
You spent 266 gold pieces at shops.

Inventory:

Hand Weapons
 a - a +1 broad axe of flaming
 b - a +0 war axe (weapon)
Missiles
 p - 19 poisoned darts
 s - 5 curare-tipped darts (quivered)
 w - 21 javelins
Armour
 c - a +0 kite shield (worn)
 j - a +0 helmet (worn)
 k - +0 storm dragon scales (worn)
 l - a +0 chain mail
 C - +0 acid dragon scales
 D - a +0 cloak (worn)
Jewellery
 f - a ring of fire
 m - an amulet of reflection (around neck)
Wands
 d - a wand of flame (25)
 o - a wand of acid (1)
 t - a wand of digging (5)
 v - a wand of polymorph (1)
Scrolls
 g - a scroll of brand weapon
 n - 3 scrolls of teleportation
 r - 2 scrolls of blinking
 x - a scroll of fear
 y - 2 scrolls of enchant armour
 z - 3 scrolls of identify
Potions
 e - a potion of brilliance
 h - 2 potions of cancellation
 i - a potion of might
 q - 2 potions of haste
 u - a potion of invisibility
 A - 3 potions of curing


   Skills:
 - Level 5.0 Fighting
 + Level 11.3 Axes
 + Level 9.5 Armour
 - Level 6.0 Dodging
 + Level 6.4 Shields
 - Level 8.0 Invocations


You couldn't memorise any spells.
You knew the following spells:

 Your Spells              Type           Power      Damage    Failure   Level
a - Sandblast             Erth           0%         2d4       100%        1
b - Searing Ray           Conj           0%         3d3       100%        2
c - Static Discharge      Conj/Air       0%         N/A       100%        2
d - Ignite Poison         Fire/Tmut/Pois 0%         N/A       100%        3
e - Summon Lightning Spi  Summ/Air       0%         N/A       100%        4
Your spell library was empty.


Dungeon Overview and Level Annotations

Branches:
Dungeon (11/15)            Temple (1/1) D:4             Orc (0/2) D:9
  Sewer (visited)          Bailey (visited)
   Lair: D:8-11

Altars:
Ashenzari
Cheibriados
Dithmenos
Elyvilon
Fedhas
Gozag
Hepliaklqana
Kikubaaqudgha
Makhleb
Nemelex Xobeh
Okawaru
Qazlal
Ru
Sif Muna
Trog
Uskayaw
Vehumet
Wu Jian
Xom
Yredelemnul
Zin
The Shining One

Shops:
D:5 *   D:7 :*[?


Innate Abilities, Weirdness & Mutations

You are immune to poison.
Your flesh is very heat resistant. (rF++)
You are vulnerable to cold. (rC-)
You float through the air rather than walking.
You learn spells naturally, not from books.
Your magical power is your life essence.
You have superior vitality. (+4 HP)


Message History

The manticore flicks its tail.
The volley of spikes hits you!
The barbed spikes become lodged in your body.
Found 14 gold pieces.
You take 21 damage, and have 52/81 hp.
MASSIVE DAMAGE!!
The manticore flicks its tail.
The volley of spikes hits you but does no damage.
You barely miss the manticore. The manticore bites you!
The manticore claws you but does no damage. x2
You take 8 damage, and have 45/81 hp.
You hit the manticore.
The manticore is lightly wounded.
The manticore bites you but does no damage.
The manticore claws you! You block the manticore's attack.
You take 8 damage, and have 37/81 hp.
You are too injured to fight recklessly!
You are too injured to fight recklessly!
You are too injured to fight recklessly!
You hit the manticore.
The manticore is moderately wounded.
You block the manticore's attack. The manticore claws you!
The manticore closely misses you.
You take 8 damage, and have 29/81 hp.
Your storm dragon scales prevents you from hitting the manticore.
The manticore is moderately wounded.
The manticore bites you!
* * * LOW HITPOINT WARNING * * *
The manticore claws you.
* * * LOW HITPOINT WARNING * * *
The manticore claws you but does no damage.
You take 13 damage, and have 16/81 hp.
Aiming: Corrosive Bolt
Press: ? - help, Shift-Dir - straight line, f - manticore
Aim: a manticore (moderately wounded, 83% to hit)
The bolt of acid hits the manticore!
The manticore is splashed with acid.
The acid corrodes the manticore!
The manticore is heavily wounded.
The manticore bites you!
* * * LOW HITPOINT WARNING * * *
The manticore completely misses you. The manticore claws you.
You die...

### ######### ....
###..^....# .....
.......(.######......
#.......##..@H......
#.......##.###......
#.....>.#..# .....
#.........## ....
#.......### ..$
#####<### .. #..# #
#.## #.


You could see a manticore (corroded).

Vanquished Creatures
  A two-headed ogre (D:10)
  A komodo dragon (D:10)
  2 trolls
  Grinder (D:6)
  A hornet (D:9)
  Sigmund (D:3)
  A vampire (D:10)
  2 wyverns (D:9)
  A steam dragon (D:8)
  5 vampire mosquitoes (D:10)
  Grum (D:9)
  11 two-headed ogre zombies (D:9)
  Edmund (D:4)
  2 acid dragons (D:9)
  A black bear (D:7)
  2 sky beasts (D:7)
  13 orc warriors
  A necrophage (D:8)
  13 centaurs
  An ogre (D:4)
  4 wolves (D:9)
  A phantom (D:6)
  4 kobold brigands (Sewer)
  2 scorpions
  3 wyvern zombies
  3 bullfrogs
  10 wights
  10 killer bees (D:9)
  5 howler monkeys
  An electric eel (D:9)
  2 lava snakes (D:9)
  3 centaur zombies
  A hound (D:6)
  2 jellies
  3 bullfrog skeletons
  A centaur skeleton (D:7)
  3 orc priests
  Jessica (D:3)
  Natasha (thrice) (D:3)
  An iguana (D:5)
  Ijyb (D:3)
  An orc wizard (D:7)
  A statue (D:8)
  Robin (D:2)
  2 howler monkey zombies
  4 gnolls (D:7)
  A howler monkey skeleton (D:6)
  9 adders
  A river rat (Sewer)
  A white imp (D:8)
  An ufetubus (D:4)
  An adder skeleton (D:4)
  6 worms
  A dart slug (D:2)
  45 orcs
  12 ball pythons
  9 bats
  9 endoplasms
  10 giant cockroaches
  12 goblins
  8 hobgoblins
  6 jackals
  6 quokkas
  6 frilled lizards
  12 kobolds
  12 rats
303 creatures vanquished.

Vanquished Creatures (collateral kills)
  An orc warrior (D:5)
  An orc wizard (D:5)
  2 orcs (D:5)
4 creatures vanquished.

Vanquished Creatures (others)
  A goblin (D:2)
1 creature vanquished.

Grand Total: 308 creatures vanquished

Notes
Turn   | Place    | Note
-------+----------+-------------------------------------------
     0 | D:1      | gimp the Djinni Fighter began the quest for the Orb.
     0 | D:1      | Reached XP level 1. HP: 20/20 MP: 0/0
   159 | D:1      | Reached XP level 2. HP: 25/25 MP: 0/0
   554 | D:1      | Reached skill level 2 in Axes
   675 | D:1      | Reached XP level 3. HP: 30/30 MP: 0/0
   675 | D:1      | Learned a level 1 spell: Sandblast
  1556 | D:2      | Reached XP level 4. HP: 36/36 MP: 0/0
  1973 | D:2      | Noticed Robin
  2394 | D:2      | Killed Robin
  2676 | D:3      | Reached XP level 5. HP: 27/41 MP: 0/0
  2676 | D:3      | Learned a level 2 spell: Searing Ray
  2730 | D:3      | Noticed Jessica
  2732 | D:3      | Noticed Sigmund
  2746 | D:3      | Killed Jessica
  2751 | D:3      | Killed Sigmund
  2752 | D:3      | Reached skill level 3 in Axes
  2752 | D:3      | Reached XP level 6. HP: 16/48 MP: 0/0
  2756 | D:3      | Noticed Natasha
  2763 | D:3      | Killed Natasha
  2821 | D:3      | You are sucked into a shaft and drop 2 floors!
  2821 | D:5      | Entered Level 5 of the Dungeon
  2993 | D:5      | Found Hecwunet's Assorted Antiques.
  3175 | D:3      | Found a faded altar of an unknown god.
  3191 | D:3      | Found a glowing drain.
  3202 | Sewer    | Entered a sewer
  3252 | Sewer    | Reached skill level 5 in Fighting
  3252 | Sewer    | Reached skill level 5 in Shields
  3252 | Sewer    | Reached XP level 7. HP: 54/54 MP: 0/0
  3252 | Sewer    | Learned a level 2 spell: Static Discharge
  3412 | Sewer    | Reached skill level 4 in Axes
  3954 | D:3      | Noticed Ijyb
  3959 | D:3      | Killed Ijyb
  3962 | D:3      | Noticed Natasha
  3968 | D:3      | Killed Natasha
  4146 | D:3      | Noticed Natasha
  4201 | D:3      | Killed Natasha
  4266 | D:3      | Found a hazy altar of Hepliaklqana.
  4689 | D:4      | Found a staircase to the Ecumenical Temple.
  4699 | Temple   | Entered the Ecumenical Temple
  4939 | Temple   | Became a worshipper of Warmaster Okawaru
  5011 | D:4      | Found a stormy altar of Qazlal.
  5269 | D:4      | Reached skill level 5 in Axes
  5269 | D:4      | Reached XP level 8. HP: 39/59 MP: 0/0
  5588 | D:4      | Reached skill level 5 in Armour
  5691 | D:4      | Noticed Edmund
  5751 | D:4      | Killed Edmund
  6511 | D:5      | Reached * piety under Okawaru
  6512 | D:5      | Reached skill level 1 in Invocations
  7437 | D:5      | Found an opulent altar of Gozag.
  7950 | D:6      | Noticed Grinder
  7966 | D:6      | Paralysed by Grinder for 3 turns
  7970 | D:6      | Killed Grinder
  7971 | D:6      | Reached skill level 6 in Axes
  7971 | D:6      | Reached XP level 9. HP: 22/65 MP: 0/0
  7971 | D:6      | Learned a level 3 spell: Ignite Poison
  9421 | D:7      | Reached ** piety under Okawaru
  9495 | D:7      | Found Hirgh's Magic Scroll Shop.
  9511 | D:7      | Bought 2 scrolls of fear for 91 gold pieces
  9511 | D:7      | Bought a scroll of enchant armour for 97 gold pieces
  9511 | D:7      | Bought a scroll of identify for 26 gold pieces
  9511 | D:7      | Bought a scroll of identify for 26 gold pieces
  9511 | D:7      | Bought a scroll of identify for 26 gold pieces
  9531 | D:7      | Found a flagged portal.
  9538 | Bailey   | Entered a bailey
 10095 | Bailey   | Reached skill level 7 in Axes
 10095 | Bailey   | Reached skill level 5 in Invocations
 10406 | Bailey   | Reached XP level 10. HP: 6/70 MP: 0/0
 11650 | D:7      | Found Liocerph's Book Shop.
 11693 | D:7      | Found Orisiyph's Armour Boutique.
 11724 | D:7      | Reached skill level 9 in Axes
 11724 | D:7      | Reached XP level 11. HP: 75/75 MP: 0/0
 11724 | D:7      | Learned a level 4 spell: Summon Lightning Spire
 11824 | D:7      | Reached *** piety under Okawaru
 11859 | D:7      | Found Foaffu's General Store.
 11975 | D:7      | Reached skill level 5 in Dodging
 12731 | D:8      | Found a glowing golden altar of the Shining One.
 12747 | D:8      | Found a basalt altar of Yredelemnul.
 12749 | D:8      | Noticed a profane servitor
 13001 | D:8      | Noticed an angel
 13138 | D:9      | Found a staircase to the Orcish Mines.
 13629 | D:9      | Reached skill level 10 in Axes
 14000 | D:9      | Reached **** piety under Okawaru
 14415 | D:9      | Noticed Grum
 14441 | D:9      | Killed Grum
 15484 | D:9      | Reached skill level 11 in Axes
 15507 | D:9      | Reached XP level 12. HP: 41/81 MP: 0/0
 15968 | D:10     | Entered Level 10 of the Dungeon
 16001 | D:10     | Noticed a two-headed ogre
 16009 | D:10     | Killed a two-headed ogre
 16059 | D:10     | Reached ***** piety under Okawaru
 16780 | D:11     | HP: 4/81 [manticore (12)]
 16780 | D:11     | Slain by a manticore

Illustrated notes

Levels and vault maps discovered:
D:1:      dpeg_arrival_arbitrary_c, layout_basic
D:2:      layout_basic, uniq_robin
D:3:      layout_rooms, worldfamousw_hep_ancestral_shrine, portal_sewer_entry_f,
          ebering_ecumenical_altar_rust, uniq_sigmund, uniq_ijyb, uniq_natasha,
          uniq_jessica
D:4:      layout_basic, nicolae_qazlal_general_emergency,
          general_overflow_altar, minmay_temple_entry_ruins, kennysheep_nub,
          uniq_edmund
D:5:      layout_loops_corners, kennysheep_mini, serial_shops,
          nicolae_shop_statue_plus
D:6:      layout_basic, uniq_grinder
D:7:      layout_loops_corners, enter_bailey_2, serial_shops, shop, shop,
          kennysheep_mini_moat, shop, minivault_23
D:8:      layout_rooms, vehumet_statue, grunt_temple_overflow_holy_war
D:9:      lemuel_ogre_cave, layout_stronghold, kennysheep_generic_room_6,
          uniq_grum
D:10:     layout_roguey, nicolae_zen_rock_garden
D:11:     layout_roguey, due_lair_maze_entry_diamond, serial_shops,
          nicolae_shop_statue_plus
Temple:   regret_index_temple_generic_petals

Skill      XL: |  1  2  3  4  5  6  7  8  9 10 11 12 |
---------------+-------------------------------------+-----
Axes           | 2 3 5 6 7 9 11 | 11.3
Fighting       | 4 5 |  5.0
Shields        | 4 5 6 |  6.4
Armour         | 4 6 7 9 |  9.5
Invocations    | 3 5 8 |  8.0
Dodging        | 4 6 |  6.0

Action                   |  1- 3 |  4- 6 |  7- 9 | 10-12 || total
-------------------------+-------+-------+-------+-------++-------
Melee: War axe           |   126 |   123 |   482 |   598 ||  1329
       Unarmed           |       |     2 |     6 |       ||     8
Throw: Dart              |       |       |    19 |     1 ||    20
Invok: Heroism           |       |       |    10 |     9 ||    19
Evoke: Wand              |       |       |     3 |     1 ||     4
  Use: Scroll            |     2 |     4 |    13 |     3 ||    22
       Potion            |       |     2 |     2 |     1 ||     5
Armor: Scale mail        |    92 |    43 |       |       ||   135
       Chain mail        |       |    19 |    78 |       ||    97
       Storm dragon scal |       |       |   135 |   370 ||   505
Dodge: Dodged            |    47 |    43 |   110 |   190 ||   390
Block: Kite shield       |    75 |   106 |   463 |   631 ||  1275
       Reflection        |       |       |     8 |     4 ||    12

Table legend: (Time is in decaauts)
 A = Elapsed time spent in this place.
 B = Non-inter-level travel time spent in this place.
 C = Inter-level travel time spent in this place.
 D = Time resting spent in this place.
 E = Time spent auto-exploring this place.
 F = Levels seen in this place.
 G = Mean time per level.
                   A        B        C        D        E       F      G
               +--------+--------+--------+--------+--------+-----+--------+
         Total |  17167 |  16764 |    403 |    409 |  12647 |  14 | 1226.2 |
       Dungeon |  14078 |  13719 |    359 |    360 |  10553 |  11 | 1279.8 |
        Temple |    258 |    214 |     44 |      0 |    212 |   1 |  258.0 |
         Sewer |    769 |    769 |      0 |      0 |    537 |   1 |  769.0 |
        Bailey |   2061 |   2061 |      0 |     49 |   1345 |   1 | 2061.0 |
               +--------+--------+--------+--------+--------+-----+--------+

Top non-repeatable levels by time:
     D:9: 2944 daAuts
  Bailey: 2061 daAuts
     D:4: 1952 daAuts
     D:5: 1731 daAuts
     D:2: 1599 daAuts
     D:6: 1395 daAuts
     D:1: 1208 daAuts
     D:7: 987 daAuts
    D:10: 802 daAuts
   Sewer: 769 daAuts
     D:8: 751 daAuts
     D:3: 687 daAuts
  Temple: 258 daAuts
    D:11: 17 daAuts
